 Dungeon Crawl Stone Soup version 0.21-a0-221-gfe971b9 (webtiles) character file.

102 Nvm9 the Skirmisher (level 4, -3/37 HPs)
             Began as a Demonspawn Fighter on Aug 25, 2017.
             Killed from afar by an orc wizard (5 damage)
             ... with a magic dart
             ... on level 3 of the Dungeon.
             The game lasted 00:02:08 (1704 turns).

Nvm9 the Skirmisher (Demonspawn Fighter)            Turns: 1704, Time: 00:02:09

Health: -3/37      AC:  6    Str: 23    XL:     4   Next: 49%
Magic:  4/4        EV:  8    Int:  9    God:
Gold:   81         SH: 10    Dex: 12    Spells: 3/3 levels left

rFire    . . .     SeeInvis .   a - +0 war axe
rCold    . . .     Gourm    .   c - +1 shield
rNeg     . . .     Faith    .   b - +0 scale mail
rPois    .         Spirit   .   (helmet restricted)
rElec    .         Reflect  .   (no cloak)
rCorr    +         Harm     .   (no gloves)
MR       .....                  (no boots)
Stlth    ..........             (no amulet)
HPRegen  0.12/turn              j - +1 ring of evasion
MPRegen  0.09/turn              p - ring of resist corrosion

@: mighty, lethally poisoned (-3 -> -7), slowed, very slow
A: antennae 1
a: no special abilities


You were on level 3 of the Dungeon.
You were hungry.

You visited 1 branch of the dungeon, and saw 3 of its levels.

You collected 81 gold pieces.

Inventory:

Hand Weapons
 a - a +0 war axe (weapon)
Missiles
 e - 5 tomahawks (quivered)
Armour
 b - a +0 scale mail (worn)
 c - a +1 shield (worn)
Jewellery
 j - a +1 ring of evasion (left hand)
 m - an uncursed ring of flight
 p - a ring of resist corrosion (right hand)
Scrolls
 g - a scroll of fog {unknown}
 h - 2 scrolls of amnesia
 k - a scroll of enchant armour
 l - a scroll of remove curse {unknown}
 n - a scroll of recharging
 o - a scroll of identify
Comestibles
 f - a bread ration
 i - a meat ration


   Skills:
 + Level 3.7 Fighting
 + Level 2.5 Axes
 * Level 3.5 Armour
 + Level 3.1 Shields


You had 3 spell levels left.
You didn't know any spells.

Dungeon Overview and Level Annotations

Branches:
Dungeon (3/15)

Altars:


Innate Abilities, Weirdness & Mutations

You have a pair of small antennae on your head.


Message History

* * * LOW HITPOINT WARNING * * *
You feel sick. You block the orc wizard's attack. x2
You barely miss the orc wizard.
The orc wizard is heavily wounded.
* * * LOW HITPOINT WARNING * * *
You feel sick. You block the orc wizard's attack.
You miss the orc wizard.
The orc wizard is heavily wounded.
* * * LOW HITPOINT WARNING * * *
You feel sick.
The orc wizard hits you but does no damage.
The orc wizard casts a spell at you.
You feel yourself slow down.
You hit the orc wizard.
The orc wizard is severely wounded.
* * * LOW HITPOINT WARNING * * *
You feel sick. The orc wizard casts a spell at you. The magic dart hits you!
You die...

#.##### ##### ## #.....#
#... .# #######.###.# .#
###...# #.#.@.# ##.######
#<#.#.# #.#.#o####........
#(#.#.###...#..).o........
#.#.#......(..####........
#...########### #........
##### #........ #........
#........ #........


You could see an orc wizard.

Vanquished Creatures
  An orc priest (D:3)
  2 adders (D:2)
  A worm (D:2)
  4 dart slugs
  2 leopard geckos
  3 orcs (D:3)
  3 bats (D:1)
  2 giant cockroaches
  2 goblins
  6 hobgoblins
  6 kobolds
  A quokka (D:3)
  2 frilled lizards (D:2)
  3 rats
38 creatures vanquished.

Notes
Turn   | Place    | Note
-------+----------+-------------------------------------------
     0 | D:1      | Nvm9 the Demonspawn Fighter began the quest for the Orb.
     0 | D:1      | Reached XP level 1. HP: 18/18 MP: 1/1
   330 | D:1      | Gained mutation: You have a pair of small antennae on your head. [demonic ancestry]
   330 | D:1      | Reached XP level 2. HP: 20/24 MP: 2/2
  1046 | D:2      | Reached XP level 3. HP: 29/29 MP: 3/3
  1685 | D:3      | Reached XP level 4. HP: 29/36 MP: 4/4
  1704 | D:3      | Killed from afar by an orc wizard

Vault maps used:
D:1:      minmay_arrival_stair_chambers, fountainhead, st_stairs_8
D:3:      uniq_grinder

Skill      XL: |  1  2  3 |
---------------+----------+-----
Axes           | 2 |  2.5
Armour         | 3 |  3.5
Shields        | 3 |  3.1
Fighting       | |  3.7

Action                   |  1- 3 |  4- 6 || total
-------------------------+-------+-------++-------
Melee: War axe           |   115 |    15 ||   130
  Use: Scroll            |     5 |       ||     5
       Potion            |     3 |     1 ||     4
  Eat: Chunk             |     2 |       ||     2
Armor: Scale mail        |    59 |     3 ||    62
Dodge: Dodged            |    31 |     2 ||    33
Block: Shield            |    51 |    13 ||    64

Table legend:
 A = Spawn XP
 B = Non-spawn XP
 C = Spawn XP percentage of total XP
 D = Spawn monster count
 E = Non-spawn monster count
 F = Spawn count percentage of total count
 G = Total turns spent on level
                    A         B        C        D         E        F      G
               +---------+---------+-------+---------+---------+-------+---------
         Total |       8 |     138 |   5.5 |       3 |      35 |   7.9 |  1704
               +---------+---------+-------+---------+---------+-------+---------
           D:1 |       6 |      26 |  18.8 |       2 |      13 |  13.3 |   950
           D:2 |       2 |      55 |   3.5 |       1 |      15 |   6.2 |   687
           D:3 |       0 |      57 |   0.0 |       0 |       7 |   0.0 |    67
               +---------+---------+-------+---------+---------+-------+---------
